 Dungeon Crawl Stone Soup version 0.22.1-1-ga44c0e56f4 (webtiles) character file.

225 Riddle the Skirmisher (level 6, 0/50 HPs)
             Began as a Formicid Monk on Sept 21, 2018.
             Slain by an orc priest
             ... wielding a +1 morningstar of protection
              (2 damage)
             ... on level 3 of the Dungeon.
             The game lasted 00:04:26 (2777 turns).

Riddle the Skirmisher (Formicid Monk)               Turns: 2777, Time: 00:04:26

Health: 0/50       AC: 10    Str: 17    XL:     6   Next: 21%
Magic:  6/6        EV:  8    Int: 10    God:
Gold:   173        SH:  0    Dex: 13    Spells: 5/5 levels left

rFire    . . .     SeeInvis +   h - +3 dagger
rCold    . . .     Gourm    .   (no shield)
rNeg     . . .     Faith    .   p - +0 chain mail
rPois    .         Spirit   .   (helmet unavailable)
rElec    .         Reflect  .   (no cloak)
rCorr    .         Harm     .   (no gloves)
MR       .....                  n - +0 pair of boots
Stlth    ..........             (no amulet)
HPRegen  0.16/turn              (no ring)
MPRegen  0.10/turn              (no ring)

@: no status effects
A: permanent stasis, dig shafts and tunnels, four strong arms, antennae 3
a: Dig, Shaft Self


You were on level 3 of the Dungeon.
You were not hungry.

You visited 1 branch of the dungeon, and saw 3 of its levels.

You collected 173 gold pieces.

Inventory:

Hand Weapons
 a - a +0 falchion
 h - a +3 dagger (weapon)
Armour
 n - a +0 pair of boots (worn)
 p - a +0 chain mail (worn)
Scrolls
 e - a scroll of fear {unknown}
 j - a scroll of teleportation {unknown}
 k - 3 scrolls of identify {unknown}
 m - a scroll of blinking {unknown}
Potions
 b - a potion of haste {unknown}
 d - a potion of magic {unknown}
 f - 3 potions of might {unknown}
 g - 2 potions of degeneration {unknown}
 i - 2 potions of resistance {unknown}
 o - a potion of curing {unknown}
Comestibles
 c - 8 rations


   Skills:
 + Level 4.8 Fighting
 - Level 3.3 Long Blades
 + Level 2.9 Armour
 + Level 4.0 Dodging
 - Level 2.5 Stealth


You had 5 spell levels left.
You didn't know any spells.
Your spell library was empty.

Dungeon Overview and Level Annotations

Branches:
Dungeon (3/15)

Altars:


Innate Abilities, Weirdness & Mutations

You cannot be hasted, slowed, berserked, paralysed or teleported.
You can dig through walls and to a lower floor.
Your four strong arms can wield two-handed weapons with a shield.
You have a pair of large antennae on your head. (SInv)


Message History

You hit the orc priest.
The orc priest is moderately wounded.
The orc priest calls down the wrath of Beogh upon you.
You struggle to resist.
The orc priest calls upon Beogh to heal the orc priest.
The orc priest's wounds heal themselves!
You barely miss the orc priest.
The orc priest hits you with a morningstar of protection!
You are too injured to fight recklessly!
You closely miss the orc priest.
The orc priest calls down the wrath of Beogh upon you.
Beogh smites you!
* * * LOW HITPOINT WARNING * * *
You hit the orc priest but do no damage.
The orc priest casts a cantrip, but nothing happens.
The orc priest closely misses you.
You hit the orc priest but do no damage.
You barely miss the orc priest.
The orc priest hits you with a morningstar of protection.
You die...

..#.#.......#
..#.#....##.#
..#.#....##.#
.........##.#
..#.#....##.##.♣#####♣.#
..#.#######.###o..o...#
.......#<##.#.## #)#
.##.##.#.##.##.###.#
.##.##.#.##.##..@oo#
..(..#.#.##.##.#####
.##..#.#.##.##.#
PP...#...##.##.#
♣≈≈..#.#.##.##.#
♣≈P......##.##.#
♣≈≈P........##.#
♣♣≈P.....#####.#
P≈≈P...........#


You could see 2 orc priests.

Vanquished Creatures
  A bullfrog zombie (D:3)
  An iguana (D:2)
  6 adders
  2 oozes
  2 worms (D:2)
  2 dart slugs (D:1)
  2 leopard geckos
  4 orcs (D:3)
  A ball python (D:2)
  17 giant cockroaches
  6 goblins
  9 hobgoblins
  3 jackals (D:1)
  9 kobolds
  A quokka (D:3)
  11 bats
  3 frilled lizards
  4 rats
84 creatures vanquished.

Notes
Turn   | Place    | Note
-------+----------+-------------------------------------------
     0 | D:1      | Riddle the Formicid Monk began the quest for the Orb.
     0 | D:1      | Reached XP level 1. HP: 18/18 MP: 1/1
   157 | D:1      | Reached XP level 2. HP: 15/24 MP: 2/2
   549 | D:1      | Reached XP level 3. HP: 24/30 MP: 3/3
  1084 | D:2      | Reached skill level 1 in Armour
  1094 | D:2      | Reached XP level 4. HP: 23/37 MP: 4/4
  1546 | D:2      | Reached XP level 5. HP: 16/42 MP: 5/5
  2326 | D:3      | Reached XP level 6. HP: 43/49 MP: 6/6
  2774 | D:3      | HP: 1/50 [orc priest/divine providence (15)]
  2777 | D:3      | Slain by an orc priest

Skill      XL: |  1  2  3  4  5  6 |
---------------+-------------------+-----
Dodging        | 3 4 |  4.0
Armour         | 1 2 |  2.9
Fighting       | 4 |  4.8
Long Blades    | |  3.3
Stealth        | |  2.5

Action                   |  1- 3 |  4- 6 || total
-------------------------+-------+-------++-------
Melee: Falchion          |    37 |       ||    37
       Dagger            |    48 |   237 ||   285
 Stab: Sleeping          |     3 |     1 ||     4
  Eat: Chunk             |       |     6 ||     6
Armor: Robe              |    17 |    13 ||    30
       Leather armour    |       |     6 ||     6
       Chain mail        |       |    74 ||    74
Dodge: Dodged            |    89 |   103 ||   192
       Rpst.: Falchion   |    13 |       ||    13
